 Adventure DCSS version bcrawl-1.27.3 (webtiles) character file.

Game seed: 16109866187319237298

264837 galech the Cleaver (level 12, 100/100 HPs)
             Began as a Demonspawn Fighter on July 31, 2020.
             Was a High Priest of Okawaru.
             Quit the game on level 1 of the Abyss.
             The game lasted 00:35:13 (23568 turns).

galech the Cleaver (Demonspawn Fighter)            Turns: 23568, Time: 00:35:14

Health: 100/100    AC: 17    Str: 22    XL:     12   Next: 97%
Magic:  15/15      EV: 12    Int: 10    God:    Okawaru [*****.]
Gold:   1823       SH: 14    Dex: 18    Spells: 11/11 levels left
                                        Lives:  0   Deaths: 2

rFire    + . .     SeeInvis +   b - +1 war axe (freeze)
rCold    + . .     Gourm    +   c - +1 medium shield
rNeg     + . .     Faith    .   I - +1 chain mail of a Labyrinth {Str+4 Dex+2 Stlth+}
rPois    .         Spirit   .   T - +1 hat {SInv}
rElec    +         Reflect  .   R - +1 cloak
rCorr    .         Harm     .   F - +0 pair of gloves
MR       .....                  (no boots)
Stlth    ++........             G - amulet of the gourmand
HPRegen  0.26/turn              l - ring of stealth
MPRegen  0.14/turn              B - ring of positive energy

@: no status effects
A: hooves 1, repulsion field 2, cold resistance 1, fire resistance 1,
electricity resistance, spiny 2, flame cloud immunity, MP-powered wands
a: Heroism, Finesse, Renounce Religion


You were on level 1 of the Abyss.
You worshipped Okawaru.
Okawaru was extremely pleased with you.
You were not hungry.

You visited 4 branches of the dungeon, and saw 19 of its levels.
You visited the Abyss 1 time.
You also visited: Sewer and Ossuary.

You collected 2105 gold pieces.
You spent 282 gold pieces at shops.

Inventory:

Hand Weapons
 a - a +0 war axe of chopping
 b - a +1 war axe of freezing (weapon)
 L - a +1 hand axe of flaming
 V - the +6 demon blade "Bloodbane" {slice, *Tele *Drain +Rage Str+6}
   (You found it on level 11 of the Dungeon)

   It will always inflict at least some extra damage.
   This minimum extra damage increases with your current reserve of magical
   power.
   It affects your strength (+6).
   It lets you go berserk.
   It may teleport you next to monsters.
   It causes draining when unequipped.
Armour
 c - a +1 medium shield (worn)
 F - a +0 pair of gloves (worn)
 I - the +1 chain mail of a Labyrinth (worn) {Str+4 Dex+2 Stlth+}
   (Okawaru gifted it to you on level 10 of the Dungeon)

   It affects your strength (+4).
   It affects your dexterity (+2).
   It makes you more stealthy.
 J - a +4 plate armour of magic resistance
 Q - a +2 plate armour of cold resistance
 R - a +1 cloak (worn)
 T - a +1 hat of see invisible (worn)
Jewellery
 l - a ring of stealth (left hand)
 p - an uncursed amulet of rage
 B - a ring of positive energy (right hand)
 E - an uncursed ring of magical power
 G - an amulet of the gourmand (around neck)
 K - an uncursed ring of flight
 S - the ring of Qejuse {Ice SInv}
   (You took it off Fannar on level 11 of the Dungeon)

   [ring of ice]

   It enhances your ice magic.
   It makes you vulnerable to fire.
   It protects you from cold.
   It lets you see invisible.
Scrolls
 f - a scroll of torment
 k - a scroll of brand weapon
 n - 16 scrolls of remove curse
 q - 6 scrolls of teleportation
 t - a scroll of vulnerability {unknown}
 w - a scroll of fear
 x - a scroll of immolation
 y - 5 scrolls of blinking {unknown}
 C - 3 scrolls of amnesia {unknown}
 D - a scroll of enchant armour
 N - 10 scrolls of identify
 P - a scroll of noise {unknown}
 U - 4 scrolls of magic mapping
 Z - 4 scrolls of summoning {unknown}
Potions
 d - a potion of might
 g - a potion of resistance {unknown}
 h - 5 potions of brilliance
 i - 7 potions of mutation
 j - 2 potions of flight
 m - 2 potions of cancellation {unknown}
 o - a potion of invisibility {unknown}
 r - 2 potions of degeneration {unknown}
 s - a potion of curing
 u - a potion of magic
 v - 3 potions of heal wounds
 z - 2 potions of ambrosia {unknown}
 A - 5 potions of agility
 H - 7 potions of haste {unknown}
 O - 2 potions of lignification
Miscellaneous
 W - a lamp of fire
Comestibles
 e - 29 rations {!d}


   Skills:
 + Level 11.0 Fighting
 + Level 14.6 Axes
 + Level 10.8 Armour
 + Level 5.1 Dodging
 + Level 2.9 Stealth
 + Level 11.0 Shields
 + Level 4.8 Invocations
 + Level 0.2 Evocations


You had 11 spell levels left.
You didn't know any spells.
Your spell library contained the following spells:

 Spells                   Type           Power        Failure   Level  Hunger
 Animate Skeleton         Necr           N/A          100%        1    None
 Apportation              Tloc           #.....       100%        1    None
 Blink Other              Tloc           #.....       100%        1    None
 Infusion                 Chrm           #.......     100%        1    None
 Magic Dart               Conj           #...         100%        1    None
 Pain                     Necr           #.....       100%        1    None
 Shock                    Conj/Air       #....        100%        1    None
 Blink                    Tloc           N/A          100%        2    ####...
 Call Imp                 Summ           #.....       100%        2    ####...
 Song of Slaying          Chrm           #.......     100%        2    ####...
 Swiftness                Chrm/Air       #.......     100%        2    ####...
 Conjure Flame            Conj/Fire      #.......     100%        3    #####..
 Mephitic Cloud           Conj/Pois/Air  #.......     100%        3    #####..
 Ozocubu's Armour         Chrm/Ice       #.......     100%        3    #####..
 Portal Projectile        Tloc           #.....       100%        3    #####..
 Regeneration             Chrm/Necr      #.........   100%        3    #####..
 Spectral Weapon          Hex/Chrm       #.......     100%        3    #####..
 Spider Form              Tmut/Pois      #..          100%        3    #####..
 Static Discharge         Air            #.......     100%        3    #####..
 Teleport Other           Tloc           #.......     100%        3    #####..
 Vampiric Draining        Necr           #.........   100%        3    #####..
 Airstrike                Air            #.........   100%        4    ######.
 Animate Dead             Necr           N/A          100%        4    ######.
 Fulminant Prism          Conj/Hex       #.........   100%        4    ######.
 Bolt of Draining         Conj/Necr      #.........   100%        5    #######
 Iskenderun's Battlesphe  Conj/Chrm      #.......     100%        5    #######
 Lightning Bolt           Conj/Air       #.........   100%        5    #######
 Passage of Golubria      Tloc           N/A          100%        5    #######
 Iron Shot                Conj/Erth      #.........   100%        6    #######
 Poison Arrow             Conj/Pois      #.........   100%        6    #######
 Orb of Destruction       Conj           #.........   100%        7    #######
 Spellforged Servitor     Conj/Summ      #.........   100%        7    #######


Dungeon Overview and Level Annotations

Branches:
Dungeon (11/12)            Temple (1/1) D:5            Lair (6/6) D:8
  Swamp (0/3) Lair:3       Spider (0/3) Lair:3        Slime (0/5) Lair:5
    Orc (1/1) D:10            Elf (0/3) Orc
 Vaults: D:11-12

Altars:
Ashenzari
Cheibriados
Dithmenos
Elyvilon
Fedhas
Gozag
Hepliaklqana
Kikubaaqudgha
Lugonu
Makhleb
Nemelex Xobeh
Okawaru
Qazlal
Ru
Sif Muna
Trog
Uskayaw
Vehumet
Wu Jian
Xom
Yredelemnul
Zin
The Shining One
Jiyva

Shops:
D:4 (   D:7 *   D:8 %   Orc ([!!

Portals:
Trove: D:10 (give +3 storm dragon scales)

Annotations:
Lair:2 exclusion: oklob plant
Lair:5 1 runed door, Kaofid's ghost, journeyman GrEE
Lair:6 exclusion: 2 oklob plants


Innate Abilities, Weirdness & Mutations

You have large cloven feet.
You are surrounded by a moderate repulsion field. (EV +3)
Your flesh is heat resistant. (rF+)
You are mostly covered in sharp spines.
You are immune to clouds of flame.
Your flesh is cold resistant. (rC+)
You are resistant to electric shocks. (rElec)
You expend magic power (3 MP) to strengthen your wands.


Message History

You hit the purple very ugly thing but do no damage.
You slash the quasit! You freeze the quasit.
You feel sick. You block the quasit's attack.
The quasit claws you but does no damage.
You block the quasit's attack.
You hit the balrug but do no damage. You kick the balrug.
The balrug is severely wounded.
You miss the quasit. You slash the purple very ugly thing!
You freeze the purple very ugly thing.
You feel sick.
The balrug hits you with a +1 demon blade of venom!!!
You die...
You are engulfed in flames!
You resist. You block the quasit's attack. The quasit closely misses you.
You block the quasit's attack.
The purple very ugly thing is struck by your spines.
The purple very ugly thing closely misses you.
Xom reaches out...
You are suddenly pulled into a different region of the Abyss!
You are now level 12!
You rejoin the land of the living...
Are you sure you want to abandon this character and quit the game? (Confirm with "yes".)

#. . # .
#.#. ...#
.# ..#
#..#
##.##...#
#..@..#
#..##..#
.....
....
≈......
....
≈..##..
#.. ≈.
#.. . ≈
... ...


There were no monsters in sight!

Vanquished Creatures
  A dire elephant (Lair:6)
  Josephine (Lair:4)
  Fannar (D:11)
  4 hydras
  A catoblepas (Lair:6)
  The ghost of dscm the Slicer, a journeyman KoFi of Okawaru (D:8)
  A deep troll shaman (Lair:6)
  15 two-headed ogres
  4 ogre magi (Orc)
  3 death yaks (Lair:6)
  The ghost of lemonriz the Carver, a novice DjRe of Vehumet (D:9)
  Sonja (Lair:1)
  A wolf spider zombie (D:11)
  An orc knight (Orc)
  2 cyclopes (D:10)
  2 deep elf magi (Orc)
  2 ugly things
  A manticore (D:9)
  2 worldbinders (Abyss:1)
  8 elephants
  4 black mambas
  Joseph (D:7)
  2 gargoyles
  8 cane toads
  A torpor snail (Lair:2)
  A centaur skeleton (D:11)
  A rime drake (Lair:4)
  2 komodo dragons
  A yaktaur (D:8)
  A kobold demonologist (D:8)
  2 polar bears
  3 trolls
  16 blink frogs
  2 hornets (D:9)
  Prince Ribbit (D:7)
  4 bog bodies (Lair:3)
  4 dream sheep (Lair:6)
  6 hippogriffs
  5 wraiths
  38 yaks
  3 spriggans (D:9)
  A vampire (D:10)
  2 basilisks
  A wyvern (Lair:4)
  2 hungry ghosts
  A neqoxec (Abyss:1)
  2 vampire mosquitoes (D:11)
  A warg (shapeshifter) (D:11)
  Menkaure (D:7)
  3 wargs
  8 crocodiles
  5 water moccasins
  Duvessa (D:7)
  7 porcupines
  A floating eye (Lair:6)
  15 orc warriors
  A swamp drake (Orc)
  6 sky beasts
  6 black bears
  2 ice beasts
  20 ogres
  A phantom (D:10)
  8 bullfrogs
  13 wolves
  6 elf zombies (Ossuary)
  2 big kobolds (D:9)
  A small abomination (Abyss:1)
  Dowan (D:7)
  2 scorpions
  5 killer bees (D:9)
  3 howler monkeys
  3 wights (D:7)
  7 electric eels
  10 crimson imps
  3 centaur zombies
  4 hounds
  An iron imp (Orc)
  7 jellies
  5 human zombies (Ossuary)
  5 orc priests
  A bullfrog skeleton (D:5)
  3 iguanas
  9 worker ants
  19 orc wizards
  3 mummies (Ossuary)
  A worker ant zombie (D:6)
  10 gnolls
  11 adders
  A river rat (D:3)
  3 shadow imps
  A white imp (Orc)
  4 oozes (Lair:5)
  3 adder skeletons (D:5)
  An adder zombie (D:8)
  3 dart slugs
  2 worms
  A leopard gecko (D:1)
  53 orcs
  6 bats
  4 giant cockroaches
  6 goblins
  11 hobgoblins
  21 jackals
  6 quokkas
  6 ball pythons
  8 frilled lizards
  3 jackal skeletons
  24 kobolds
  A quokka zombie (D:5)
  7 rats
  A fungus (Lair:6)
  7 plants
572 creatures vanquished.

Vanquished Creatures (others)
  An orc wizard (D:10)
  A leopard gecko (D:1)
  2 orcs
  2 bats (D:1)
  A kobold (D:1)
  7 fungi
  9 plants
23 creatures vanquished.

Grand Total: 595 creatures vanquished

Notes
Turn   | Place    | Note
-------+----------+-------------------------------------------
     0 | D:1      | galech the Demonspawn Fighter began the quest for the Orb.
     0 | D:1      | Reached XP level 1. HP: 18/18 MP: 1/1
   177 | D:1      | Gained mutation: You have large cloven feet. [demonic
                  | ancestry]
   177 | D:1      | Reached XP level 2. HP: 15/24 MP: 2/2
   417 | D:1      | Reached skill level 2 in Axes
   817 | D:2      | Gained mutation: You are partially covered in sharp spines.
                  | [demonic ancestry]
   817 | D:2      | Reached XP level 3. HP: 24/29 MP: 3/3
   996 | D:2      | Found an ornate altar of the Wu Jian Council.
  1608 | D:3      | Found a shadowy altar of Dithmenos.
  1721 | D:3      | Found a glowing drain.
  1725 | D:3      | Gained mutation: Your flesh is heat resistant. (rF+)
                  | [demonic ancestry]
  1725 | D:3      | Reached XP level 4. HP: 35/35 MP: 4/4
  1733 | Sewer    | Entered a sewer
  2838 | D:3      | Reached skill level 3 in Axes
  2838 | D:3      | Gained mutation: You are mostly covered in sharp spines.
                  | [demonic ancestry]
  2838 | D:3      | Reached XP level 5. HP: 15/41 MP: 5/5
  3112 | D:3      | Found an ancient bone altar of Kikubaaqudgha.
  3276 | D:4      | Reached skill level 1 in Dodging
  3518 | D:4      | Noticed a sky beast
  3532 | D:4      | Killed a sky beast
  3532 | D:4      | Reached XP level 6. HP: 24/47 MP: 6/6
  3619 | D:4      | Reached skill level 4 in Axes
  4021 | D:4      | Found Harysio's Antique Weapon Shop.
  4091 | D:4      | Found a sacrificial altar of Ru.
  4155 | D:4      | Found a glowing silver altar of Zin.
  4415 | D:5      | Entered Level 5 of the Dungeon
  4435 | D:5      | Found a sand-covered staircase.
  4465 | Ossuary  | Entered an ossuary
  4512 | Ossuary  | Reached skill level 1 in Stealth
  4529 | Ossuary  | Gained mutation: You are immune to clouds of flame.
                  | [demonic ancestry]
  4529 | Ossuary  | Reached XP level 7. HP: 12/53 MP: 7/7
  4534 | Ossuary  | HP: 2/53 [human zombie (2)]
  4720 | Ossuary  | Reached skill level 5 in Axes
  4908 | Ossuary  | Reached XP level 8. HP: 30/61 MP: 8/8
  4909 | Ossuary  | Reached skill level 6 in Axes
  5063 | D:5      | Found a staircase to the Ecumenical Temple.
  5077 | Temple   | Entered the Ecumenical Temple
  5771 | D:6      | Found a bloodstained altar of Trog.
  5914 | D:6      | Reached skill level 5 in Fighting
  5914 | D:6      | Reached skill level 7 in Axes
  5914 | D:6      | Reached skill level 5 in Armour
  5914 | D:6      | Reached skill level 5 in Shields
  5985 | D:6      | Noticed a hippogriff
  5999 | D:6      | Killed a hippogriff
  5999 | D:6      | Reached XP level 9. HP: 38/68 MP: 9/9
  6059 | D:6      | Noticed a green ugly thing
  6068 | D:6      | Killed a green ugly thing
  6070 | D:6      | Gained mutation: You expend magic power (3 MP) to
                  | strengthen your wands. [potion of mutation]
  6070 | D:6      | Gained mutation: Your flesh is cold resistant. (rC+)
                  | [potion of mutation]
  6070 | D:6      | Gained mutation: You are resistant to electric shocks.
                  | (rElec) [potion of mutation]
  6406 | D:6      | Found an iron altar of Okawaru.
  6414 | D:6      | Became a worshipper of Warmaster Okawaru
  6687 | D:7      | Reached skill level 8 in Axes
  6786 | D:7      | Noticed Joseph
  6802 | D:7      | Killed Joseph
  6802 | D:7      | Reached * piety under Okawaru
  7014 | D:7      | Noticed Prince Ribbit
  7026 | D:7      | Killed Prince Ribbit
  7050 | D:7      | Found a sacrificial altar of Ru.
  7146 | D:7      | Noticed Menkaure
  7150 | D:7      | Killed Menkaure
  7162 | D:7      | Noticed Duvessa
  7163 | D:7      | Noticed Dowan
  7166 | D:7      | Killed Duvessa
  7166 | D:7      | Gained mutation: You are surrounded by a mild repulsion
                  | field. (EV +2) [demonic ancestry]
  7166 | D:7      | Reached XP level 10. HP: 75/76 MP: 10/10
  7169 | D:7      | Killed Dowan
  7169 | D:7      | Reached ** piety under Okawaru
  7179 | D:7      | Found Iskyqama's Island Escapes.
  7326 | D:7      | Found an opulent altar of Gozag.
  7722 | D:7      | Bought a scroll of teleportation for 33 gold pieces
  7722 | D:7      | Bought a potion of flight for 44 gold pieces
  7741 | D:8      | Found a snail-covered altar of Cheibriados.
  7865 | D:8      | Reached skill level 9 in Axes
  7866 | D:8      | Noticed dscm's ghost (journeyman KoFi)
  8021 | D:8      | Found a transporter.
  8041 | D:8      | Found an iron altar of Okawaru.
  8054 | D:8      | Found a transporter.
  8419 | D:8      | Found Koen's Food Boutique.
  8428 | D:8      | Found a hide-covered altar of Uskayaw.
  8478 | D:8      | Found a staircase to the Lair.
  8500 | D:8      | Reached *** piety under Okawaru
  9166 | Lair:1   | Entered Level 1 of the Lair of Beasts
  9193 | Lair:1   | Noticed a cane toad
  9198 | Lair:1   | Killed a cane toad
  9323 | Lair:1   | Noticed a cane toad
  9329 | Lair:1   | Killed a cane toad
  9489 | Lair:1   | Reached skill level 10 in Axes
  9916 | Lair:1   | Reached **** piety under Okawaru
 10034 | Lair:1   | Noticed Sonja
 10042 | Lair:1   | Killed Sonja
 10052 | Lair:1   | Reached XP level 11. HP: 39/83 MP: 11/11
 10653 | Lair:2   | Reached ***** piety under Okawaru
 10870 | Lair:2   | Noticed an oklob plant
 11924 | Lair:3   | Found a hole to the Spider Nest.
 12149 | Lair:3   | HP: 4/84 [bog body/bolt of cold (5)]
 12489 | Lair:3   | Found a staircase to the Swamp.
 12797 | Lair:4   | Reached skill level 11 in Axes
 12866 | Lair:4   | Received a gift from Okawaru
 12884 | Lair:4   | Noticed Josephine
 14721 | Lair:4   | Reached XP level 12. HP: 93/93 MP: 12/12
 14973 | Lair:4   | Reached skill level 1 in Invocations
 14980 | Lair:4   | Killed Josephine
 14980 | Lair:4   | Reached ****** piety under Okawaru
 15146 | Lair:4   | Received a gift from Okawaru
 15739 | Lair:5   | Noticed a four-headed hydra
 15749 | Lair:5   | Killed a one-headed hydra
 16068 | Lair:5   | Reached skill level 12 in Axes
 16297 | Lair:5   | Noticed an eight-headed hydra
 16313 | Lair:5   | Killed a one-headed hydra
 16327 | Lair:5   | Found a runed door.
 16345 | Lair:5   | Found a viscous altar of Jiyva.
 16347 | Lair:5   | Found a staircase to the Slime Pits.
 16352 | Lair:5   | Noticed Kaofid's ghost (journeyman GrEE)
 16355 | Lair:5   | Found a runed translucent door.
 16493 | Lair:6   | Entered Level 6 of the Lair of Beasts
 16750 | Lair:6   | Paralysed by a floating eye for 2 turns
 16936 | Lair:6   | Reached XP level 13. HP: 69/101 MP: 12/14
 17013 | Lair:6   | Received a gift from Okawaru
 17031 | Lair:6   | Reached skill level 10 in Armour
 17032 | Lair:6   | Noticed a dire elephant
 18102 | Lair:6   | Killed a dire elephant
 18837 | D:8      | Killed dscm's ghost
 18837 | D:8      | Reached skill level 13 in Axes
 19027 | D:9      | Found a runed translucent door.
 19032 | D:9      | Identified the +7 spear of Revolt {speed, rElec rF+ rC-
                  | MR+}
 19045 | D:9      | Noticed lemonriz's ghost (novice DjRe)
 19297 | D:9      | Reached skill level 10 in Shields
 19617 | D:9      | Found a corrupted altar of Lugonu.
 19617 | D:9      | Found a shattered altar of Ashenzari.
 19622 | D:9      | Found a stormy altar of Qazlal.
 19627 | D:9      | Found a shimmering altar of Xom.
 19629 | D:9      | Found a white marble altar of Elyvilon.
 20098 | D:9      | Killed lemonriz's ghost
 20148 | D:10     | Entered Level 10 of the Dungeon
 20156 | D:10     | Reached skill level 10 in Fighting
 20294 | D:10     | Received a gift from Okawaru
 20311 | D:10     | Got a pitted chain mail {god gift}
 20392 | D:9      | Identified the +1 chain mail of a Labyrinth {Str+4 Dex+2
                  | Stlth+} (Okawaru gifted it to you on level 10 of the
                  | Dungeon)
 20793 | D:10     | Found a portal to a secret trove of treasure.
 21159 | D:10     | Found a staircase to the Orcish Mines.
 21188 | Orc      | Entered the Orcish Mines
 21189 | Orc      | Found Pilatyps's Armour Emporium.
 21189 | Orc      | Found Ixzyasok's Distillery.
 21189 | Orc      | Found Iroxyofo's Weapon Boutique.
 21189 | Orc      | Found Fir Lael's Distillery.
 21205 | Orc      | Gained mutation: You are surrounded by a moderate repulsion
                  | field. (EV +3) [demonic ancestry]
 21205 | Orc      | Reached XP level 14. HP: 20/111 MP: 9/16
 21207 | Orc      | HP: 3/111 [two-headed ogre/+0 giant spiked club (13)]
 21207 | Orc      | Mangled by a two-headed ogre
 21208 | Orc      | Reached XP level 13. HP: -6/104 MP: 9/15
 21266 | Orc      | Reached skill level 14 in Axes
 21266 | Orc      | Reached skill level 5 in Dodging
 21268 | Orc      | Found a radiant altar of Vehumet.
 21284 | Orc      | HP: 2/104 [ogre/+0 giant club (8)]
 21289 | Orc      | HP: 3/104 [poisoned by an ogre mage (poison arrow)]
 21803 | Orc      | Found a staircase to the Elven Halls.
 22070 | Orc      | Received a gift from Okawaru
 22422 | Orc      | Bought a potion of heal wounds for 60 gold pieces
 22422 | Orc      | Bought a potion of heal wounds for 60 gold pieces
 22427 | Orc      | Bought a potion of heal wounds for 85 gold pieces
 23026 | D:11     | Identified the ring of Qejuse {Ice SInv}
 23026 | D:11     | Noticed Fannar
 23044 | D:11     | Killed Fannar
 23336 | D:11     | Found the +6 demon blade "Bloodbane" {slice, *Tele *Drain
                  | +Rage Str+6}
 23388 | D:11     | HP: 4/106 [cyclops/large rock (16)]
 23391 | D:11     | Cast into level 1 of the Abyss (a wizard)
 23551 | Abyss:1  | Noticed a purple very ugly thing
 23554 | Abyss:1  | Noticed a balrug
 23567 | Abyss:1  | Demolished by a balrug
 23568 | Abyss:1  | Reached XP level 12. HP: -21/100 MP: 15/15
 23568 | Abyss:1  | Quit the game

Skill      XL: |  1  2  3  4  5  6  7  8  9 10 11 12 13 |
---------------+----------------------------------------+-----
Shields        | 3 4 5 6 8 9 11 | 11.0
Axes           | 2 3 4 5 7 8 10 11 12 14 | 14.6
Armour         | 3 4 5 6 7 8 9 10 | 10.8
Dodging        | 1 2 3 4 5 |  5.1
Stealth        | 1 2 |  2.9
Fighting       | 4 5 6 8 9 11 | 11.0
Invocations    | 1 4 |  4.8
Evocations     | |  0.2

Action                   |  1- 3 |  4- 6 |  7- 9 | 10-12 | 13-15 || total
-------------------------+-------+-------+-------+-------+-------++-------
Melee: War axe           |   117 |   287 |   283 |   523 |   660 ||  1870
       Kick              |    17 |    85 |   108 |   199 |   282 ||   691
       Hand axe          |       |       |       |    22 |    16 ||    38
Invok: Heroism           |       |       |       |     6 |    16 ||    22
       Finesse           |       |       |       |       |     7 ||     7
Evoke: Wand              |       |       |       |     2 |       ||     2
  Use: Scroll            |     4 |     4 |       |     5 |     1 ||    14
       Potion            |       |       |     8 |     3 |     6 ||    17
 Stab: Sleeping          |     2 |     1 |     2 |       |     3 ||     8
       Distracted        |       |       |       |       |     1 ||     1
  Eat: Chunk             |     7 |    20 |    27 |    49 |    41 ||   144
       Ration            |       |       |     2 |       |       ||     2
Armor: Scale mail        |    84 |    68 |    71 |       |       ||   223
       Chain mail        |       |       |    25 |   234 |   122 ||   381
       Plate armour      |       |       |       |       |    92 ||    92
Dodge: Dodged            |    28 |    37 |    57 |   182 |   222 ||   526
Block: Medium shield     |    74 |   111 |   176 |   351 |   434 ||  1146
